 Dungeon Crawl Stone Soup version 0.20.1-1-g8b1a95d (webtiles) character file.

28 Miyamura the Shield-Bearer (level 3, -3/29 HPs)
             Began as a Formicid Fighter on Dec 19, 2017.
             Killed from afar by Natasha (8 damage)
             ... with a magic dart
             ... on level 2 of the Dungeon.
             The game lasted 00:01:18 (622 turns).

Miyamura the Shield-Bearer (Formicid Fighter)        Turns: 622, Time: 00:01:18

Health: -3/29      AC:  6    Str: 20    XL:     3   Next: 27%
Magic:  3/3        EV:  8    Int:  8    God:
Gold:   90         SH:  9    Dex: 13    Spells: 2/2 levels left

rFire    . . .     SeeInvis +   a - +0 trident
rCold    . . .     Gourm    .   c - +0 shield
rNeg     . . .     Faith    .   b - +0 scale mail
rPois    .         Spirit   .   (helmet unavailable)
rElec    .         Reflect  .   (no cloak)
rCorr    .         Harm     .   (no gloves)
MR       .....                  (no boots)
Stlth    ..........             (no amulet)
Regen    0.1/turn               m - +3 ring of dexterity
MPRegen  0.1/turn               (no ring)

@: no status effects
A: permanent stasis, dig shafts and tunnels, four strong arms, antennae 3
a: Dig, Shaft Self


You were on level 2 of the Dungeon.
You were not hungry.

You visited 1 branch of the dungeon, and saw 2 of its levels.

You collected 90 gold pieces.

Inventory:

Hand Weapons
 a - a +0 trident (weapon)
Armour
 b - a +0 scale mail (worn)
 c - a +0 shield (worn)
Jewellery
 e - an uncursed ring of fire
 l - an uncursed ring of ice
 m - a +3 ring of dexterity (left hand)
Scrolls
 h - a scroll of recharging {unknown}
 i - a scroll of enchant armour {unknown}
 j - a scroll of immolation {unknown}
 k - 3 scrolls of remove curse {unknown}
 n - a scroll of fog {unknown}
 o - a scroll of enchant weapon {unknown}
Potions
 d - a potion of might
Comestibles
 f - a bread ration


   Skills:
 + Level 3.4 Fighting
 + Level 2.4 Polearms
 + Level 3.6 Armour
 + Level 0.5 Dodging
 + Level 4.1 Shields


You had 2 spell levels left.
You didn't know any spells.

Dungeon Overview and Level Annotations

Branches:
Dungeon (2/15)

Altars:

Annotations:
D:2 Natasha


Innate Abilities, Weirdness & Mutations

You cannot be hasted, slowed, berserked, paralysed or teleported.
You can dig through walls and to a lower floor.
Your four strong arms can wield two-handed weapons with a shield.
You have a pair of large antennae on your head. (SInv)


Message History

* * * LOW HITPOINT WARNING * * *
Natasha barely misses you. The white imp barely misses you.
You puncture Natasha!
Natasha is heavily wounded.
You block the white imp's attack.
Natasha extends her claws.
Natasha stares at you and mumbles some strange words.
You resist with some effort.
You closely miss Natasha.
Natasha is heavily wounded.
The white imp hits you but does no damage.
Natasha claws you.
* * * LOW HITPOINT WARNING * * *
Unknown command.
You hit Natasha but do no damage.
Natasha is heavily wounded.
The white imp hits you but does no damage.
Natasha stares at you and mumbles some strange words.
The magic dart hits you!
You die...

. .. ≈≈≈≈ .. ... .≈≈≈≈
... .... .P≈≈≈≈ ....
.....######.≈≈≈≈≈
.................≈.≈≈≈
.....†######.....?.≈≈≈
......††..<....#...≈≈≈
......#####..#5#..P≈≈≈
#.### #..#@..≈#
####### #..#5h..#
#.....###..#....#
#...#......#...##
#.#.#.####.#...#
#...#....#.#...#
#.###.##.#.#...#
#.###.##.#.#####
#.#<...#.#.#


You could see Natasha, a crimson imp and a white imp.

Vanquished Creatures
  2 dart slugs (D:1)
  A ball python (D:1)
  2 giant cockroaches (D:1)
  2 goblins (D:1)
  A hobgoblin (D:1)
  3 jackals (D:2)
  3 bats
  2 frilled lizards (D:2)
  3 kobolds (D:1)
  4 rats (D:1)
23 creatures vanquished.

Notes
Turn   | Place    | Note
-------+----------+-------------------------------------------
     0 | D:1      | Miyamura the Formicid Fighter began the quest for the Orb.
     0 | D:1      | Reached XP level 1. HP: 18/18 MP: 1/1
    47 | D:1      | Reached XP level 2. HP: 19/24 MP: 2/2
   409 | D:1      | Reached skill level 4 in Shields
   426 | D:1      | Reached XP level 3. HP: 29/29 MP: 3/3
   611 | D:2      | Noticed Natasha
   622 | D:2      | Killed from afar by Natasha

Skill      XL: |  1  2 |
---------------+-------+-----
Shields        | 4 |  4.1
Fighting       | |  3.4
Polearms       | |  2.4
Armour         | |  3.6
Dodging        | |  0.5

Action                   || total
-------------------------++-------
Melee: Trident           ||    61
Armor: Scale mail        ||    20
Dodge: Dodged            ||    15
Block: Shield            ||    27
